 Dungeon Crawl Stone Soup version 0.17.1-1-g73c8601 (webtiles) character file.

51458 Runnr the Lord of Darkness (level 14, -11/114 HPs)
             Began as a Demonspawn Necromancer on Dec 19, 2015.
             Was the Champion of Kikubaaqudgha.
             Mangled by a spiny frog (22 damage)
             ... on level 7 of the Lair of Beasts.
             The game lasted 02:59:41 (25588 turns).

Runnr the Lord of Darkness (DsNe)                  Turns: 25588, Time: 02:59:41

Health: -11/114    AC:  5    Str: 11    XL:     14   Next: 23%
Magic:  6/37       EV: 23    Int: 18    God:    Kikubaaqudgha [******]
Gold:   732        SH:  0    Dex: 19    Spells: 10 memorised, 1 level left

rFire  + . .     SeeInvis .     X - +3 dagger "Asivei" {pain, +Rage rF+ MP+9}
rCold  . . .     Clarity  .     a - +0 robe
rNeg   . . .     SustAt   .     (no shield)
rPois  +         Gourm    .     S - +1 helmet
rElec  .         Spirit   .     n - +0 cloak
rCorr  .         Warding  .     (no gloves)
rMut   .         Stasis   .     (boots unavailable)
MR     ++...                    U - amulet of faith
Stlth  ++........               V - ring of poison resistance
                                P - +4 ring of dexterity

@: about to teleport, very resistant to hostile enchantments, unstealthy
A: hooves 3, repulsion field 1, magic resistance 1, sense surroundings 1,
powered by death 2
a: Receive Corpses, Torment, Brand Weapon With Pain, Receive Necronomicon,
Renounce Religion, Evoke Berserk Rage


You were on level 7 of the Lair of Beasts.
You worshipped Kikubaaqudgha.
Kikubaaqudgha was exalted by your worship.
You were not hungry.

You visited 3 branches of the dungeon, and saw 21 of its levels.
You also visited: Ossuary.

You collected 1384 gold pieces.
You spent 652 gold pieces at shops.

Inventory:

Hand Weapons
 E - the +7 great sword of Farahei {slice, rN+}
   (You took it off an orc on level 9 of the Dungeon)

   It inflicts extra damage upon your enemies.
   It protects you from negative energy.
 X - the +3 dagger "Asivei" (weapon) {pain, +Rage rF+ MP+9}
   (You bought it in a shop on level 9 of the Dungeon)

   In the hands of one skilled in necromantic magic, it inflicts extra damage on
   living creatures.
   It protects you from fire.
   It affects your magic capacity (+9).
   It lets you go berserk.
Armour
 a - a +0 robe (worn)
 n - a +0 cloak (worn)
 S - a +1 helmet (worn)
Jewellery
 d - an uncursed ring of magical power {unknown}
 t - an uncursed amulet of regeneration {unknown}
 P - a +4 ring of dexterity (left hand)
 U - an amulet of faith (around neck)
 V - a ring of poison resistance (right hand)
 Y - an uncursed ring of protection from cold
Wands
 l - a wand of digging (7)
 p - a wand of teleportation (4)
Scrolls
 f - 3 scrolls of teleportation
 h - 3 scrolls of vulnerability {unknown}
 i - 2 scrolls of magic mapping
 j - 3 scrolls of remove curse
 k - 6 scrolls of fog
 r - 3 scrolls of identify
 s - 4 scrolls of immolation
 u - 2 scrolls of enchant weapon
 v - a scroll of recharging
 w - 2 scrolls of enchant armour
 z - a scroll of acquirement
 D - a scroll of summoning {unknown}
 G - 2 scrolls of blinking {unknown}
 I - a scroll of holy word {unknown}
 K - a scroll of amnesia
 L - a scroll of torment
 Q - 2 scrolls of fear
 Z - a scroll of silence {unknown}
Potions
 e - 3 potions of agility
 g - a potion of haste
 q - a potion of curing
 x - 2 potions of might
 H - 5 potions of brilliance
 J - a potion of cancellation
 O - a potion of resistance
 R - 4 potions of flight
 W - 2 potions of invisibility
Books
 b - the Papyrus of Aid and Unholy Secrets
   (You found it on level 2 of the Lair of Beasts)

   Spells                             Type                      Level
   a - Animate Skeleton               Necromancy                   1
   b - Pain                           Necromancy                   1
   c - Swiftness                      Charms/Air                   2
   d - Song of Slaying                Charms                       2
   e - Animate Dead                   Necromancy                   4
   f - Haste                          Charms                       6
 y - a book of Conjurations

   Spells                             Type                      Level
   a - Magic Dart                     Conjuration                  1
   b - Searing Ray                    Conjuration                  2
   c - Dazzling Spray                 Conjuration/Hexes            3
   d - Fulminant Prism                Conjuration/Hexes            4
   e - Iskenderun's Mystic Blast      Conjuration                  4
   f - Iskenderun's Battlesphere      Conjuration/Charms           5
 F - Kikubaaqudgha's Disquisition on Evil Secrets
   (Kikubaaqudgha gifted it to you on level 8 of the Dungeon)

   Spells                             Type                      Level
   a - Agony                          Necromancy                   5
   b - Cigotuvi's Embrace             Necromancy                   5
   c - Dispel Undead                  Necromancy                   5
   d - Simulacrum                     Ice/Necromancy               6
   e - Death Channel                  Necromancy                   6
Comestibles
 c - 15 bread rations
 m - 2 beef jerkies
 o - 8 meat rations
 A - 4 chunks of flesh
 C - 2 royal jellies
 N - 15 fruits


   Skills:
 + Level 11.7 Fighting
 + Level 7.9(8.0) Short Blades
 - Level 1.8(5.3) Long Blades
 - Level 3.1 Armour
 + Level 10.3 Dodging
 - Level 1.7 Stealth
 - Level 10.0 Spellcasting
 + Level 13.1 Necromancy
 - Level 3.1 Translocations
 + Level 4.7 Ice Magic


You had one spell level left.
You knew the following spells:

 Your Spells              Type           Power        Failure   Level  Hunger
a - Pain                  Necr           ####         1%          1    None
b - Animate Skeleton      Necr           N/A          1%          1    None
c - Vampiric Draining     Necr           ######....   1%          3    None
d - Regeneration          Chrm/Necr      ####......   1%          3    None
e - Animate Dead          Necr           N/A          1%          4    ###....
f - Sublimation of Blood  Necr           ######....   1%          2    None
g - Blink                 Tloc           N/A          3%          2    None
h - Agony                 Necr           ######..     1%          5    #####..
i - Bolt of Draining      Conj/Necr      ####......   17%         5    #####..
j - Simulacrum            Ice/Necr       #####.....   38%         6    ######.


Dungeon Overview and Level Annotations

Branches:
Dungeon (12/15)            Temple (1/1) D:5            Lair (8/8) D:8
 Shoals (0/4) Lair:4        Snake (0/4) Lair:3          Orc (0/4) D:9
  Slime: Lair:6-8

Altars:
Ashenzari
Cheibriados
Elyvilon
Fedhas
Gozag
Kikubaaqudgha
Makhleb
Nemelex Xobeh
Okawaru
Qazlal
Sif Muna
Xom
Yredelemnul
The Shining One

Shops:
D:8 %   D:9 !?(*[

Annotations:
D:3 Dickchan's ghost, weakling DrCj
D:5 Wutend's ghost, amateur MfGl
D:6 exclusion: oklob plant
Lair:8 exclusion: oklob plant


Innate Abilities, Weirdness & Mutations

You have hooves in place of feet.
You are surrounded by a mild repulsion field (EV +2).
You regenerate health from kills.
You are resistant to hostile enchantments.
You passively map a small area around you.


Message History

The spiny frog writhes in agony.
The spiny frog misses you.
You completely miss the spiny frog.
You kick the spiny frog, but do no damage.
The death yak gores you!!
Read which item? (? for menu, Esc to quit)
As you read the scroll of teleportation, it crumbles to dust.
You feel strangely unstable.
Your skin stops crawling.
The spiny frog misses you. The death yak gores you!!
* * * LOW HITPOINT WARNING * * *
The spiny frog misses you.
Drink which item? (? for menu, Esc to quit)
You feel better. The spiny frog barely misses you. The death yak gores you!!
* * * LOW HITPOINT WARNING * * *
Drink which item? (? for menu, Esc to quit)
Okay, then.
Drink which item? (? for menu, Esc to quit)
You feel better. The spiny frog stings you!!
You die...
Kikubaaqudgha rasps: "You have failed me!
Welcome... death!"

### ### #.##### ##.########
####.....### ##.#...#.#.###
#P.........##
#Z#..........####P..........###
###.........##@##.............#
#..........#Y#F.+.............
#..............P...YY.........
#.............P##..>.......##.
#...............#.........####
##.......#..#.###.........# #
##........#.## ###...##.##
####...P..## ###..####
###P.......# ##.##..#.# ##


You could see a death yak and a spiny frog.

Vanquished Creatures
  10 death yaks
  2 hill giants (D:10)
  2 griffons (Lair:4)
  A hornet (shapeshifter) (D:12)
  9 elephants
  11 spiny frogs
  A gargoyle (D:11)
  4 black mambas
  A torpor snail (Lair:7)
  5 komodo dragons
  A kobold demonologist (D:11)
  4 fire drakes
  2 trolls (D:12)
  A queen bee (D:9)
  A two-headed ogre (D:11)
  13 blink frogs
  4 slime creatures
  4 wyverns
  Sigmund (D:5)
  30 yaks
  2 basilisks
  9 hippogriffs
  11 wolves (Lair:4)
  16 soldier ants
  A steam dragon (D:10)
  4 nagas (Lair:3)
  13 water moccasins
  A wasp (D:8)
  2 ice beasts
  10 porcupines
  2 black bears
  6 orc warriors
  3 sky beasts
  A centaur (D:9)
  13 ogres
  16 crocodiles
  A big kobold (D:11)
  13 giant frogs
  Dowan (D:7)
  10 scorpions
  17 killer bees
  3 wights (D:9)
  3 centaur zombies
  5 crimson imps
  9 orc priests
  2 hounds
  A quasit (D:10)
  A giant frog zombie (D:8)
  A human zombie (Ossuary)
  4 jellies
  A gnoll shaman (D:9)
  2 giant frog skeletons
  7 iguanas
  15 orc wizards
  10 sheep (Lair:6)
  22 worker ants
  A big kobold zombie (Ossuary)
  A hound skeleton (D:7)
  2 mummies (Ossuary)
  2 worker ant zombies
  18 adders
  2 gnolls (D:9)
  5 scorpion zombies (Ossuary)
  38 river rats
  5 shadow imps
  An ooze (D:5)
  4 worms
  4 giant geckos
  52 orcs
  9 giant cockroaches
  3 gnoll zombies (Ossuary)
  9 hobgoblins
  25 jackals
  5 quokkas
  2 ball pythons
  5 bats
  A giant gecko zombie (D:5)
  6 giant newts
  8 goblins
  2 goblin zombies (Ossuary)
  3 hobgoblin zombies (Ossuary)
  5 kobolds
  A kobold zombie (Ossuary)
  2 orc zombies (Ossuary)
  A quokka zombie (D:6)
  7 rats
574 creatures vanquished.

Vanquished Creatures (collateral kills)
  2 hydras
  A queen ant (Lair:6)
  A hill giant (D:10)
  An oklob plant (Lair:5)
  3 black mambas
  3 elephants
  A manticore (Lair:4)
  A troll (D:10)
  3 slime creatures (D:9)
  A two-headed ogre (D:9)
  7 yaks
  5 blink frogs
  A raiju (shapeshifter) (D:12)
  A hippogriff (Lair:5)
  2 wolves (Lair:4)
  3 water moccasins
  5 soldier ants (Lair:6)
  2 porcupines (Lair:1)
  2 ice beasts
  Duvessa (D:7)
  A centaur (D:9)
  A phantom (D:5)
  4 crocodiles
  7 killer bees
  2 quasits
  A wight (D:9)
  2 crimson imps
  2 orc priests
  An iguana (Lair:6)
  An orc wizard (D:3)
  5 worker ants (Lair:6)
  2 sheep (Lair:6)
  A gnoll (D:9)
  2 adders
  3 river rats
  An adder skeleton (D:8)
  12 orcs
  A giant gecko (D:9)
  5 fungi
100 creatures vanquished.

Vanquished Creatures (others)
  An ice beast (D:9)
  2 orc warriors (D:9)
  2 scorpions (Ossuary)
  2 killer bees (D:9)
  A mummy (Ossuary)
  15 fungi
  10 plants
33 creatures vanquished.

Grand Total: 707 creatures vanquished

Notes
Turn   | Place    | Note
--------------------------------------------------------------
     0 | D:1      | Runnr the Demonspawn Necromancer began the quest for the Orb.
     0 | D:1      | Reached XP level 1. HP: 13/13 MP: 3/3
   348 | D:1      | Gained mutation: You have large cloven feet. [demonic ancestry]
   348 | D:1      | Reached XP level 2. HP: 15/20 MP: 0/5
   475 | D:1      | Reached skill level 1 in Fighting
   981 | D:1      | Learned a level 1 spell: Animate Skeleton
  1775 | D:2      | Reached XP level 3. HP: 17/27 MP: 4/6
  1840 | D:2      | Found an opulent altar of Gozag.
  2558 | D:3      | Learned a level 3 spell: Vampiric Draining
  2750 | D:3      | HP: 1/27 [orc/flail (5)]
  2770 | D:3      | Gained mutation: You regenerate a little health from kills. [demonic ancestry]
  2770 | D:3      | Reached XP level 4. HP: 26/33 MP: 3/7
  2947 | D:3      | Noticed Dickchan's ghost (weakling DrCj)
  2995 | D:3      | Found a faded altar to an unknown god.
  3027 | D:3      | Found an iron altar of Okawaru.
  3799 | D:4      | Reached skill level 5 in Necromancy
  3799 | D:4      | Gained mutation: You have hoof-like feet. [demonic ancestry]
  3799 | D:4      | Reached XP level 5. HP: 36/39 MP: 5/9
  3800 | D:4      | Found a snail-covered altar of Cheibriados.
  3858 | D:4      | Learned a level 3 spell: Regeneration
  4600 | D:4      | Reached XP level 6. HP: 37/46 MP: 4/11
  4769 | D:4      | Noticed an ogre
  4879 | D:5      | Entered Level 5 of the Dungeon
  5077 | D:5      | Found a staircase to the Ecumenical Temple.
  5143 | D:5      | Noticed Wutend's ghost (amateur MfGl)
  5499 | D:4      | Gained mutation: You are surrounded by a mild repulsion field (EV +2). [demonic ancestry]
  5499 | D:4      | Reached XP level 7. HP: 52/52 MP: 12/12
  5577 | D:5      | Found a sparkling altar of Nemelex Xobeh.
  6093 | Temple   | Entered the Ecumenical Temple
  6111 | Temple   | Became a worshipper of Kikubaaqudgha
  6124 | D:5      | Noticed Sigmund
  6368 | D:4      | Reached skill level 6 in Necromancy
  7125 | D:6      | Found a white marble altar of Elyvilon.
  7295 | D:7      | Found a sand-covered staircase.
  7304 | Ossuary  | Entered an ossuary
  7451 | Ossuary  | Reached * piety under Kikubaaqudgha
  7451 | Ossuary  | Received a gift from Kikubaaqudgha
  7451 | Ossuary  | Gained mutation: You have hooves in place of feet. [demonic ancestry]
  7451 | Ossuary  | Reached XP level 8. HP: 48/61 MP: 8/14
  7452 | Ossuary  | Identified Kikubaaqudgha's Papyrus of Evil Rites (Kikubaaqudgha gifted it to you in an ossuary)
  7699 | Ossuary  | Reached skill level 5 in Fighting
  7713 | Ossuary  | Reached skill level 7 in Necromancy
  7947 | Ossuary  | Reached skill level 5 in Dodging
  7959 | Ossuary  | Reached skill level 5 in Spellcasting
  8291 | D:5      | Killed Sigmund
  8312 | D:5      | Learned a level 4 spell: Animate Dead
  8409 | D:5      | Your ally Sigmund died
  8500 | D:4      | Reached XP level 9. HP: 35/69 MP: 12/17
  8867 | D:5      | Reached skill level 8 in Necromancy
  9294 | D:6      | Found a blossoming altar of Fedhas.
  9313 | D:6      | Noticed an oklob plant
  9890 | D:7      | Learned a level 2 spell: Sublimation of Blood
  9935 | D:7      | Reached ** piety under Kikubaaqudgha
 10009 | D:7      | Identified the Handbook of Translocation (You found it on level 7 of the Dungeon)
 10180 | D:7      | Noticed Dowan
 10182 | D:7      | Noticed Duvessa
 10188 | D:7      | Killed Duvessa
 10196 | D:7      | Found a burning altar of Makhleb.
 10200 | D:7      | Killed Dowan
 10351 | D:7      | Your ally Dowan died
 10682 | D:7      | Gained mutation: You passively map a small area around you. [potion of beneficial mutation]
 10687 | D:7      | Learned a level 2 spell: Blink
 10747 | D:8      | Found Kosos's Food Shoppe.
 10850 | D:8      | Found a staircase to the Lair.
 10851 | D:8      | Noticed a komodo dragon
 10927 | D:8      | Reached XP level 10. HP: 76/79 MP: 16/20
 10957 | D:8      | Reached skill level 9 in Necromancy
 10974 | D:8      | Reached skill level 1 in Translocations
 11130 | D:8      | Reached *** piety under Kikubaaqudgha
 11130 | D:8      | Received a gift from Kikubaaqudgha
 11133 | D:8      | Identified Kikubaaqudgha's Disquisition on Evil Secrets (Kikubaaqudgha gifted it to you on level 8 of the Dungeon)
 11290 | D:8      | Learned a level 5 spell: Agony
 11481 | D:9      | Found Nufey's Weapon Emporium.
 11716 | D:9      | Killed a komodo dragon
 11931 | D:9      | Found a staircase to the Orcish Mines.
 12029 | D:9      | Reached **** piety under Kikubaaqudgha
 12251 | D:9      | HP: 1/80 [large slime creature (27)]
 12252 | D:9      | Reached skill level 1 in Long Blades
 12271 | D:9      | Got a faintly glowing great sword {slice}
 12272 | D:9      | Identified the +7 great sword of Farahei {slice, rN+} (You took it off an orc on level 9 of the Dungeon)
 12397 | D:9      | Found Buwkey Hoyp's Magic Scroll Boutique.
 12405 | D:9      | Bought a scroll of teleportation for 45 gold pieces
 12405 | D:9      | Bought a scroll of identify for 30 gold pieces
 12427 | D:9      | Found Xill's Distillery.
 12444 | D:9      | Bought a potion of heal wounds for 70 gold pieces
 12444 | D:9      | Bought a potion of heal wounds for 70 gold pieces
 12581 | D:9      | Reached ***** piety under Kikubaaqudgha
 12697 | D:9      | Found Sisosico's Antique Armour Boutique.
 12831 | D:9      | Found Tavogolusu's Assorted Antiques.
 12836 | D:9      | Bought a pitted dagger for 126 gold pieces
 12836 | D:9      | Identified the +3 dagger "Asivei" {pain, +Rage rF+ MP+9} (You bought it in a shop on level 9 of the Dungeon)
 12902 | D:9      | Bought a scroll of identify for 36 gold pieces
 12944 | D:10     | Entered Level 10 of the Dungeon
 13127 | D:10     | Reached XP level 11. HP: 87/87 MP: 22/22
 13384 | D:10     | Reached skill level 10 in Necromancy
 13586 | D:10     | Noticed a hill giant
 13587 | D:10     | Noticed a hill giant
 13597 | D:10     | Killed a hill giant
 13606 | D:10     | Killed a hill giant
 13606 | D:10     | Reached skill level 1 in Short Blades
 14458 | D:11     | Gained mutation: You are resistant to hostile enchantments. [potion of beneficial mutation]
 14492 | D:10     | Noticed a hill giant
 14502 | D:10     | Killed a hill giant
 14826 | D:11     | Learned a level 5 spell: Bolt of Draining
 15845 | D:12     | Noticed an eight-headed hydra
 16075 | D:12     | Noticed a giant orange brain
 16075 | D:12     | a giant orange brain changed into a moth of wrath
 16080 | D:12     | Noticed a hill giant
 16080 | D:12     | a torpor snail changed into a hill giant
 16084 | D:12     | Noticed a deep troll
 16084 | D:12     | a hill giant changed into a deep troll
 16087 | D:12     | a deep troll changed into a merfolk
 16234 | D:12     | Noticed an ice dragon
 16476 | D:9      | Bought a fine chain mail for 275 gold pieces
 16486 | D:9      | Identified the +6 chain mail "Sarropef" {*Corrode MR+ Regen+ Dex+3} (You bought it in a shop on level 9 of the Dungeon)
 16543 | Lair:1   | Entered Level 1 of the Lair of Beasts
 16555 | Lair:1   | Reached skill level 1 in Armour
 16850 | Lair:1   | Got a jewelled falchion
 16851 | Lair:1   | Identified the +1 falchion of Hurick {drain, rN++ Dex-5} (You found it on level 1 of the Lair of Beasts)
 17063 | Lair:1   | Reached XP level 12. HP: 84/95 MP: 24/24
 17367 | Lair:1   | Reached skill level 11 in Necromancy
 18249 | Lair:2   | Reached ****** piety under Kikubaaqudgha
 18314 | Lair:2   | Identified the Papyrus of Aid and Unholy Secrets (You found it on level 2 of the Lair of Beasts)
 18905 | Lair:2   | Reached skill level 10 in Fighting
 19095 | Lair:3   | Reached skill level 5 in Short Blades
 19307 | Lair:3   | Found a staircase to the Snake Pit.
 20513 | Lair:4   | Found a staircase to the Shoals.
 20703 | Lair:3   | Reached skill level 12 in Necromancy
 20727 | Lair:3   | Reached XP level 13. HP: 70/104 MP: 14/26
 20967 | Lair:4   | Reached skill level 10 in Spellcasting
 20976 | Lair:4   | Learned a level 6 spell: Simulacrum
 21539 | Lair:4   | Reached skill level 1 in Ice Magic
 23589 | Lair:6   | Identified a scroll of acquirement
 23795 | Lair:6   | Reached skill level 10 in Dodging
 24965 | Lair:7   | Gained mutation: You regenerate health from kills. [demonic ancestry]
 24965 | Lair:7   | Reached XP level 14. HP: 99/113 MP: 28/28
 25036 | Lair:7   | Reached skill level 13 in Necromancy
 25345 | Lair:8   | Entered Level 8 of the Lair of Beasts
 25587 | Lair:7   | HP: 5/114 [death yak (21)]
 25588 | Lair:7   | Mangled by a spiny frog

Action                   |  1- 3 |  4- 6 |  7- 9 | 10-12 | 13-15 || total
-------------------------+-------+-------+-------+-------+-------++-------
Melee: Unarmed           |    12 |    31 |       |       |       ||    43
       Quarterstaff      |       |    23 |   361 |    32 |       ||   416
       Long sword        |       |       |       |   122 |       ||   122
       Dagger            |       |       |       |   762 |   688 ||  1450
       Great sword       |       |       |       |    27 |       ||    27
 Cast: Pain              |   118 |   134 |   248 |   187 |    23 ||   710
       Animate Skeleton  |     6 |    15 |    20 |    26 |    11 ||    78
       Regeneration      |       |     1 |       |    11 |    17 ||    29
       Animate Dead      |       |       |    11 |    40 |    36 ||    87
       Agony             |       |       |       |    22 |     3 ||    25
       Vampiric Draining |       |       |       |    31 |    90 ||   121
       Blink             |       |       |       |     4 |     6 ||    10
Invok: Receive Corpses   |       |       |       |       |     5 ||     5
  Use: Scroll            |     1 |     4 |    10 |    16 |     6 ||    37
       Potion            |     1 |       |     1 |     6 |     3 ||    11
 Stab: Sleeping          |       |     1 |     1 |     2 |     1 ||     5
       Distracted        |       |       |       |     4 |     6 ||    10
  Eat: Pizza             |     1 |     1 |       |     1 |     1 ||     4
       Chunk             |     1 |     3 |    18 |    37 |    17 ||    76
       Bread ration      |     1 |     1 |       |       |       ||     2
       Royal jelly       |       |       |     1 |     2 |     1 ||     4
